 Dungeon Crawl Stone Soup version 0.24.0-37-gcf1ca852f1 (webtiles) character file.

Game seed: 3989563999251805472, levelgen mode: deterministic

1753639 beigtais the Hoplite (level 27, 133/293 HPs)
             Began as a Demonspawn Fighter on Nov 25, 2019.
             Was a High Priest of Makhleb.
             Escaped with the Orb
             ... and 3 runes on Nov 28, 2019!
             The game lasted 10:46:55 (71424 turns).

beigtais the Hoplite (Demonspawn Fighter)          Turns: 71424, Time: 10:46:55

Health: 133/293    AC: 44    Str: 28    XL:     27
Magic:  13/30      EV: 12    Int: 10    God:    Makhleb [*****.]
Gold:   5686       SH: 21    Dex: 20    Spells: 30/30 levels left

rFire    + + +     SeeInvis .   y - +6 eveningstar (protect)
rCold    + . .     Gourm    .   O - +3 shield of the Worm {Regen+ Dex+5}
rNeg     + . .     Faith    .   z - +6 crystal plate armour
rPois    +         Spirit   +   (helmet unavailable)
rElec    +         Reflect  .   G - scarf {rC+ rF+}
rCorr    .         Harm     .   b - +2 pair of gloves of Hozanteo {-Tele rPois rF++ MR+}
MR       +++++     Rnd*Rage +   a - +2 pair of boots Stlth ..........NoTele +
                                c - amulet of guardian spirit
HPRegen  0.98/turn              P - ring "Qusol" {rPois MR++ Str+3 Dex-4 Slay+4}
MPRegen  0.22/turn              u - ring "Jaschec" {rN+ MR++}

@: no status effects
A: horns 3, thin metallic scales 3, agile 1, berserk 2, blink, deterioration 1,
foul stench 2, low mp 2, mutation resistance 2, robust 3, shaggy fur 1, spiny 3,
teleportitis 1, rot immunity
0: Orb of Zot
}: 3/15 runes: serpentine, barnacled, silver
a: Blink, Minor Destruction, Lesser Servant of Makhleb, Major Destruction,
Greater Servant of Makhleb, Renounce Religion


You escaped.
You worshipped Makhleb.
Makhleb was extremely pleased with you.
You were not hungry.

You visited 13 branches of the dungeon, and saw 55 of its levels.
You visited the Abyss 1 time.
You also visited: Sewer and Ice Cave.

You collected 9300 gold pieces.
You spent 3614 gold pieces at shops.

Inventory:

Hand Weapons
 x - the +5 war axe "Toequtoy" {chop, SInv}
   (You took it off a deep elf demonologist on level 3 of the Elven Halls)

   It inflicts extra damage upon your enemies.
   It lets you see invisible.
 y - a +6 eveningstar of protection (weapon)
Missiles
 d - 8 datura-tipped darts
 q - 12 silver javelins
 s - 31 boomerangs (quivered)
 v - 23 curare-tipped darts
 L - 11 silver boomerangs
 Z - 41 javelins
Armour
 a - a +2 pair of boots (worn)
 b - the +2 pair of gloves of Hozanteo (worn) {-Tele rPois rF++ MR+}
   (You found it on level 10 of the Dungeon)

   It greatly protects you from fire.
   It protects you from poison.
   It affects your resistance to hostile enchantments.
   It prevents most forms of teleportation.
 k - a scarf of cloud immunity
 n - the +5 large shield of Marchoho {Str+6}
   (You acquired it on level 12 of the Dungeon)

   It affects your strength (+6).
 z - a +6 crystal plate armour (worn)
 G - a scarf of resistance (worn)
 O - the +3 shield of the Worm (worn) {Regen+ Dex+5}
   (You bought it in a shop on level 2 of the Orcish Mines)

   It affects your dexterity (+5).
   It increases your rate of regeneration.
Jewellery
 c - an amulet of guardian spirit (around neck)
 i - an uncursed ring of resist corrosion
 u - the ring "Jaschec" (right hand) {rN+ MR++}
   (You bought it in a shop on level 2 of the Elven Halls)

   [ring of positive energy]

   It protects you from negative energy.
   It affects your resistance to hostile enchantments.
 P - the ring "Qusol" (left hand) {rPois MR++ Str+3 Dex-4 Slay+4}
   (You found it on level 4 of the Vaults)

   [ring of slaying]

   It affects your strength (+3).
   It affects your dexterity (-4).
   It affects your accuracy and damage with ranged weapons and melee attacks
   (+4).
   It protects you from poison.
   It affects your resistance to hostile enchantments.
Wands
 h - a wand of iceblast (36)
 p - a wand of scattershot (1)
 B - a wand of digging (4)
 K - a wand of paralysis (54)
 M - a wand of clouds (4)
 N - a wand of enslavement (16)
 S - a wand of disintegration (18)
 T - a wand of acid (39)
Scrolls
 e - 38 scrolls of teleportation
 j - 22 scrolls of remove curse
 m - 3 scrolls of immolation
 t - 2 scrolls of summoning
 E - 24 scrolls of identify
 F - 6 scrolls of fear
 H - 6 scrolls of magic mapping
 I - 2 scrolls of fog
 J - 2 scrolls of silence
 X - 6 scrolls of blinking
Potions
 g - 11 potions of curing
 l - 3 potions of haste
 o - 8 potions of flight
 w - 5 potions of might
 C - a potion of mutation
 V - 3 potions of heal wounds
 Y - 4 potions of invisibility
Miscellaneous
 r - the horn of Geryon
 A - 5 phantom mirrors
Comestibles
 f - 74 rations


   Skills:
 * Level 20.6 Fighting
 + Level 16.0(19.3) Axes
 * Level 18.6(20.5) Maces & Flails
 + Level 11.5 Throwing
 * Level 18.0 Armour
 + Level 8.7 Dodging
 - Level 1.4 Stealth
 * Level 23.0 Shields
 + Level 2.0 Spellcasting
 + Level 21.4 Invocations
 + Level 12.3 Evocations


You had 30 spell levels left.
You didn't know any spells.
Your spell library contained the following spells:

 Spells                   Type           Power        Failure   Level  Hunger
 Animate Skeleton         Necr           N/A          99%         1    ##.....
 Apportation              Tloc           #.....       99%         1    ##.....
 Beastly Appendage        Tmut           #.....       99%         1    ##.....
 Confusing Touch          Hex            #.....       99%         1    ##.....
 Corona                   Hex            #......      99%         1    ##.....
 Flame Tongue             Conj/Fire      #....        99%         1    ##.....
 Freeze                   Ice            #...         99%         1    ##.....
 Infusion                 Chrm           #...         99%         1    ##.....
 Magic Dart               Conj           #...         99%         1    ##.....
 Pain                     Necr           #...         99%         1    ##.....
 Shock                    Conj/Air       #...         99%         1    ##.....
 Sting                    Conj/Pois      #...         99%         1    ##.....
 Summon Butterflies       Summ           #.......     99%         1    ##.....
 Summon Small Mammal      Summ           #...         99%         1    ##.....
 Call Imp                 Summ           #.......     100%        2    ###....
 Corpse Rot               Necr           N/A          100%        2    ###....
 Ensorcelled Hibernation  Hex/Ice        #.....       100%        2    ###....
 Passwall                 Tmut/Erth      #.......     100%        2    ###....
 Poisonous Vapours        Pois/Air       #.....       100%        2    ###....
 Searing Ray              Conj           #.....       100%        2    ###....
 Sticks to Snakes         Tmut           #.......     100%        2    ###....
 Sublimation of Blood     Necr           #.........   100%        2    ###....
 Swiftness                Chrm/Air       #.......     100%        2    ###....
 Throw Flame              Conj/Fire      #.....       100%        2    ###....
 Throw Frost              Conj/Ice       #.....       100%        2    ###....
 Call Canine Familiar     Summ           #.......     100%        3    ####...
 Confuse                  Hex            #.......     100%        3    ####...
 Conjure Flame            Conj/Fire      #.......     100%        3    ####...
 Dazzling Spray           Conj/Hex       #.....       100%        3    ####...
 Ignite Poison            Fire/Tmut/Pois #.......     100%        3    ####...
 Inner Flame              Hex/Fire       #.......     100%        3    ####...
 Lesser Beckoning         Tloc           #.........   100%        3    ####...
 Mephitic Cloud           Conj/Pois/Air  #.......     100%        3    ####...
 Ozocubu's Armour         Chrm/Ice       #.......     100%        3    ####...
 Recall                   Summ/Tloc      N/A          100%        3    ####...
 Regeneration             Chrm/Necr      #.........   100%        3    ####...
 Spectral Weapon          Hex/Chrm       #.......     100%        3    ####...
 Spider Form              Tmut/Pois      #.........   100%        3    ####...
 Static Discharge         Conj/Air       #.......     100%        3    ####...
 Summon Guardian Golem    Hex/Summ       #.......     100%        3    ####...
 Tukima's Dance           Hex            #.......     100%        3    ####...
 Vampiric Draining        Necr           #.........   100%        3    ####...
 Animate Dead             Necr           N/A          100%        4    #####..
 Cause Fear               Hex            #.........   100%        4    #####..
 Force Lance              Conj/Tloc      #.......     100%        4    #####..
 Fulminant Prism          Conj/Hex       #.........   100%        4    #####..
 Ice Form                 Ice/Tmut       #.......     100%        4    #####..
 Iskenderun's Mystic Bla  Conj           #.......     100%        4    #####..
 Leda's Liquefaction      Hex/Erth       #.........   100%        4    #####..
 Olgreb's Toxic Radiance  Pois           #.......     100%        4    #####..
 Petrify                  Tmut/Erth      #.......     100%        4    #####..
 Sticky Flame             Conj/Fire      #.......     100%        4    #####..
 Summon Ice Beast         Ice/Summ       #.......     100%        4    #####..
 Summon Lightning Spire   Summ/Air       #.......     100%        4    #####..
 Throw Icicle             Conj/Ice       #.......     100%        4    #####..
 Agony                    Necr           #.......     100%        5    ######.
 Alistair's Intoxication  Tmut/Pois      #.......     100%        5    ######.
 Aura of Abjuration       Summ           #.........   100%        5    ######.
 Blade Hands              Tmut           #.........   100%        5    ######.
 Bolt of Draining         Conj/Necr      #.........   100%        5    ######.
 Bolt of Magma            Conj/Fire/Erth #.........   100%        5    ######.
 Borgnjor's Vile Clutch   Necr/Erth      #.........   100%        5    ######.
 Dispel Undead            Necr           #.......     100%        5    ######.
 Excruciating Wounds      Chrm/Necr      #.........   100%        5    ######.
 Fireball                 Conj/Fire      #.........   100%        5    ######.
 Irradiate                Conj/Tmut      #.........   100%        5    ######.
 Iskenderun's Battlesphe  Conj/Chrm      #.......     100%        5    ######.
 Lee's Rapid Deconstruct  Erth           #.........   100%        5    ######.
 Lightning Bolt           Conj/Air       #.........   100%        5    ######.
 Metabolic Englaciation   Hex/Ice        #.........   100%        5    ######.
 Silence                  Hex/Air        #.........   100%        5    ######.
 Summon Demon             Summ           #.........   100%        5    ######.
 Summon Forest            Summ/Tloc      #.........   100%        5    ######.
 Summon Mana Viper        Hex/Summ       #.......     100%        5    ######.
 Venom Bolt               Conj/Pois      #.........   100%        5    ######.
 Yara's Violent Unravell  Hex/Tmut       #.........   100%        5    ######.
 Bolt of Cold             Conj/Ice       #.........   100%        6    #######
 Bolt of Fire             Conj/Fire      #.........   100%        6    #######
 Conjure Ball Lightning   Conj/Air       #.........   100%        6    #######
 Darkness                 Hex            #.........   100%        6    #######
 Death Channel            Necr           #.........   100%        6    #######
 Deflect Missiles         Chrm/Air       #.........   100%        6    #######
 Freezing Cloud           Conj/Ice/Air   #.........   100%        6    #######
 Hydra Form               Tmut           #.........   100%        6    #######
 Invisibility             Hex            #.......     100%        6    #######
 Iron Shot                Conj/Erth      #.........   100%        6    #######
 Ozocubu's Refrigeration  Ice            #.........   100%        6    #######
 Shadow Creatures         Summ           N/A          100%        6    #######
 Simulacrum               Ice/Necr       #.........   100%        6    #######
 Statue Form              Tmut/Erth      #........    100%        6    #######
 Dragon Form              Tmut           #.........   100%        7    #######
 Ring of Flames           Chrm/Fire      #.........   100%        7    #######
 Summon Hydra             Summ           #.........   100%        7    #######
 Discord                  Hex            #.........   100%        8    #######
 Ignition                 Fire           #.........   100%        8    #######
 Dragon's Call            Summ           #.........   100%        9    #######
 Shatter                  Erth           #.........   100%        9    #######
 Tornado                  Air            #.........   100%        9    #######
 Passage of Golubria      Tloc           Unusable     N/A         4    N/A

Dungeon Overview and Level Annotations

Branches:
Dungeon (15/15)            Temple (1/1) D:7            Lair (6/6) D:11
 Shoals (4/4) Lair:4        Snake (4/4) Lair:3        Slime (1/5) Lair:5
    Orc (2/2) D:10            Elf (3/3) Orc:2        Vaults (5/5) D:14
  Crypt (3/3) Vaults:2       Tomb (0/3) Crypt:3      Depths (5/5) D:15
   Hell (visited)             Dis (0/7) Hell            Geh (0/7) Hell
    Coc (0/7) Hell            Tar (0/7) Hell            Zot (5/5) Depths:5
  Sewer (visited)           IceCv (visited)

Altars:
Ashenzari
Cheibriados
Dithmenos
Elyvilon
Fedhas
Gozag
Hepliaklqana
Kikubaaqudgha
Makhleb
Nemelex Xobeh
Okawaru
Qazlal
Ru
Sif Muna
Trog
Uskayaw
Vehumet
Wu Jian
Xom
Yredelemnul
Zin
The Shining One
Jiyva
Lugonu

Shops:
D:8 (   D:13 :   Orc:2 ?*([   Elf:2 (=![(   Shoals:4 ?   Snake:1 *   Vaults:1 (
Vaults:5 !(

Portals:
Hell: Lair:6 Depths:1 Depths:2 Depths:3 Depths:4 Depths:5
Abyss: Depths:2 Depths:4
Pandemonium: Depths:3
Ziggurat: Depths:1

Annotations:
D:4 Duvessa
Shoals:4 Mara
Vaults:2 2 runed translucent doors, mantisjm's ghost, veteran HOFi


Innate Abilities, Weirdness & Mutations

You have a pair of large horns on your head.
You are completely covered in thin metallic scales. (AC +4, rElec)
You frequently emit foul miasma when damaged in melee.
You are extremely robust. (+30% HP)
You are completely covered in sharp spines.
You are immune to rotting.
You are agile. (Dex +2)
You often lose your temper in combat.
You can translocate small distances at will.
Your body sometimes deteriorates upon taking damage.
Your magical capacity is very low. (-20% MP)
You are somewhat resistant to both further mutation and mutation removal.
You are covered in fur. (AC +1)
You are occasionally teleported next to monsters.


Message History

There is a stone staircase leading down here.
There is an open door here.
You see here a cursed -3 short sword.
There is a stone staircase leading up here.
You climb upwards.
There is a stone staircase leading down here.
A Brimstone Fiend comes into view.
You see here a +0 club.
There is a large open door here.
There is a large open door here.
The Brimstone Fiend calls on the powers of darkness!
Your body is wracked with pain!
A blizzard demon comes into view.
There is a large open door here.
The Brimstone Fiend gestures at you.
The sphere of damnation explodes!
The damnation engulfs you!!
There is a staircase leading out of the dungeon here.
The Brimstone Fiend gestures at you.
The sphere of damnation explodes!
The damnation engulfs you!!
You have escaped!

...............................>#
.......#.#..##########.......##.#
##.....#.#..#.##.....#.......##.#
#.....#.....................##.#
##.....#........#..###.......##.#
.............................##.#
.#.....#............###......##..
.#.....#.....#####...........####
.#.....##.).)##.@##.#.)..........
.#.....##.).###''####.###########
.#.....###.##......##.#
...........##.≈≈§§§##.#
#.####.###.##.§§§§§##.# #######
.........#1##......##.###.....###
.........#..###1'###..........#..
.......[.##..##2.########.....#.#
.........###..#''#...# #..)..#.#


You could see a Brimstone Fiend and a blizzard demon.

Vanquished Creatures
  10 orbs of fire
  7 ancient liches
  Mennas (Crypt:3)
  A juggernaut (Depths:5)
  Boris (Crypt:3)
  2 Killer Klowns (Zot:5)
  Sojobo (Crypt:3)
  A curse toe (Zot:3)
  Frederick (Depths:5)
  Saint Roka (Vaults:5)
  2 caustic shrikes (Depths:4)
  10 golden dragons
  Geryon (Hell)
  2 bone dragons
  Jory (Depths:4)
  5 electric golems
  Rupert (D:12)
  22 tentacled monstrosities
  27 Orb Guardians
  6 titans
  5 liches
  3 deep elf blademasters
  A deep elf master archer (Elf:3)
  4 quicksilver dragons
  Murray (Lair:6)
  4 sphinxes
  4 ancient champions
  2 Executioners
  16 tengu reavers
  A revenant (Crypt:1)
  11 death cobs
  8 shadow dragons
  14 draconian monks
  17 storm dragons
  13 fire giants
  7 nagarajas
  2 draconian knights
  22 vault wardens
  6 deep elf sorcerers
  A caustic shrike zombie (Hell)
  7 draconian scorchers
  2 curse skulls (Crypt:2)
  5 frost giants
  2 orc warlords
  17 ghouls
  A balrug (Depths:2)
  2 draconian shifters
  4 deep elf elementalists
  A draconian stormcaller (Zot:5)
  5 draconian annihilators
  3 spriggan defenders
  2 reapers (Hell)
  12 ironheart preservers
  21 stone giants
  15 very ugly things
  10 green draconians
  10 war gargoyles
  An entropy weaver (Vaults:3)
  9 white draconians
  7 deep elf demonologists
  15 black draconians
  8 spark wasps
  6 vampire knights
  Snorg (Orc:1)
  6 purple draconians
  7 red draconians
  6 deep elf annihilators (Elf:3)
  5 yellow draconians
  13 ettins
  An eidolon (Crypt:2)
  6 deep elf death magi
  2 merfolk javelineers
  3 crystal guardians (Crypt:3)
  9 fire dragons
  20 yaktaur captains
  6 jiangshi
  34 vault guards
  5 merfolk impalers
  8 deep elf high priests
  16 ogre magi
  7 rakshasas
  7 great orbs of eyes
  A hell beast (Lair:6)
  16 naga warriors
  23 ice dragons
  8 spriggan air magi
  2 catoblepae
  2 merfolk avatars
  12 centaur warriors
  5 hydras
  37 two-headed ogres
  2 alligator snapping turtles
  4 merfolk aquamancers
  16 anacondas
  29 dancing weapons
  4 satyrs
  3 death knights
  8 deep troll shamans
  7 tengu warriors
  13 deep troll earth magi
  4 death yaks
  4 spriggan berserkers
  17 naga sharpshooters
  5 vampire magi
  8 shock serpents
  2 orc high priests
  32 hell knights
  2 iron golems (Hell)
  4 soul eaters
  15 deep elf knights
  Nergalle (Lair:3)
  3 sun demons
  7 iron trolls
  25 skeletal warriors
  2 salamander mystics (Snake:4)
  2 shadow wraiths
  2 sixfirhies (Zot:4)
  21 deep trolls
  A spark wasp zombie (Hell)
  3 glowing orange brains
  2 golden dragon zombies (Crypt:3)
  2 unseen horrors (D:13)
  8 wizards
  2 glowing orange brains (shapeshifter)
  A flayed ghost (Depths:4)
  8 naga ritualists
  9 phantasmal warriors
  10 sea snakes
  An anaconda skeleton (Hell)
  The ghost of P0WERM0DE the Skirmisher, a novice MiFi of Makhleb (D:8)
  13 ironbrand convokers
  13 orc knights
  A harpy (shapeshifter) (Vaults:3)
  3 deep elf archers
  47 deep elf magi
  22 harpies
  A shadow dragon zombie (Crypt:1)
  24 ugly things
  17 necromancers
  4 orc sorcerers (Orc:2)
  3 wolf spiders
  2 tengu zombies
  A wolf spider zombie (D:15)
  A shadow dragon skeleton (Crypt:2)
  6 mana vipers
  3 stone giant zombies
  A human zombie (Vaults:4)
  A salamander (shapeshifter) (Depths:2)
  A fire giant zombie (Crypt:3)
  An oklob plant (Lair:1)
  6 cyclopes
  12 manticores
  A sphinx skeleton (Vaults:2)
  6 salamanders
  8 fauns
  27 moths of wrath
  A moth of wrath (shapeshifter) (Depths:2)
  12 elephants
  16 vault sentinels
  4 frost giant skeletons
  27 black mambas
  4 fire giant skeletons
  A stone giant skeleton (Depths:2)
  A dire elephant zombie (Crypt:1)
  A molten gargoyle (Hell)
  9 rust devils (Hell)
  2 ice statues (IceCv)
  An iron dragon skeleton (Crypt:2)
  An alligator snapping turtle zombie (Crypt:1)
  23 naga magi
  7 merfolk sirens
  Psyche (D:10)
  2 smoke demons (Abyss:3)
  5 water nymphs
  A titan simulacrum (Vaults:4)
  A gargoyle (D:13)
  5 guardian serpents
  A grey draconian zombie (Crypt:1)
  3 spriggan zombies (Hell)
  63 yaktaurs
  4 komodo dragons
  11 spiny frogs
  5 rime drakes
  A demonic crawler (Hell)
  A yaktaur zombie (Hell)
  A rime drake (shapeshifter) (D:12)
  A dire elephant skeleton (Crypt:1)
  2 freezing wraiths
  13 ice devils
  An ancient zyme (Abyss:3)
  A black draconian skeleton (Crypt:2)
  A catoblepas skeleton (Crypt:3)
  A death yak skeleton (Crypt:2)
  5 tengu conjurers
  A death drake zombie (Crypt:2)
  3 red devils
  2 yaktaur skeletons (Vaults:2)
  A queen bee (D:10)
  3 meliai (D:13)
  A queen bee (shapeshifter) (Vaults:3)
  15 polar bears
  A sea snake skeleton (Crypt:2)
  10 hornets
  16 merfolk
  8 trolls
  2 hellwings
  A meliai (shapeshifter) (Depths:3)
  7 wind drakes
  22 slime creatures
  A hydra skeleton (Hell)
  19 blink frogs
  An ettin zombie (Hell)
  4 bog bodies (Crypt:1)
  2 hornets (shapeshifter)
  2 harpy skeletons
  7 snapping turtles
  6 raiju (Zot:4)
  2 snapping turtles (shapeshifter)
  2 fire dragon zombies (Hell)
  A centaur simulacrum (D:15)
  12 dream sheep
  3 ice dragon zombies
  An ettin skeleton (Depths:2)
  2 shadows
  2 spriggan skeletons (Depths:2)
  3 redbacks
  A tarantella (shapeshifter) (Depths:5)
  21 hippogriffs
  A spriggan (shapeshifter) (Depths:1)
  A vampire (D:8)
  30 flying skulls
  27 yaks
  Sigmund (D:6)
  6 spriggans
  7 fire elementals
  4 fire bats (Lair:5)
  3 wyverns
  6 wraiths
  A human (D:14)
  12 water elementals
  Eustachio (D:6)
  A golden eye (shapeshifter) (Vaults:5)
  3 basilisks
  3 steam dragons (Shoals:4)
  6 vampire mosquitoes
  2 hungry ghosts (D:15)
  4 large abominations
  10 wargs
  A warg (shapeshifter) (Vaults:1)
  A swamp worm (shapeshifter) (Vaults:5)
  An infernal demonspawn zombie (Crypt:2)
  An acid dragon (shapeshifter) (Depths:4)
  74 nagas
  An acid dragon (D:12)
  A hydra simulacrum (Hell)
  11 water moccasins
  2 deep troll skeletons (Vaults:2)
  4 hell hounds
  9 porcupines
  2 floating eyes (Depths:3)
  A spiny frog zombie (Crypt:2)
  63 orc warriors
  5 sky beasts
  4 spiny frog skeletons
  3 phantoms
  A snapping turtle zombie (Crypt:3)
  7 ice beasts
  An alligator simulacrum (Hell)
  An eye of draining (D:13)
  A black bear (D:12)
  12 necrophages
  A swamp dragon zombie (Crypt:2)
  19 wolves
  51 ogres
  4 boggarts (Depths:3)
  A snapping turtle skeleton (Crypt:2)
  A wolf (shapeshifter) (Depths:3)
  12 centaurs
  14 crocodiles
  A crocodile (shapeshifter) (Depths:4)
  6 big kobolds
  A wyvern zombie (D:10)
  16 bullfrogs
  A draconian zombie (Crypt:1)
  A spiny frog simulacrum (Hell)
  A deep troll simulacrum (Vaults:3)
  5 human skeletons
  A wyvern skeleton (D:11)
  A gnoll sergeant (D:6)
  3 scorpions
  A cyclops skeleton (Crypt:1)
  Dowan (D:4)
  22 killer bees
  19 wights
  5 howler monkeys
  10 electric eels
  4 centaur zombies
  A lava snake (Lair:5)
  12 crimson imps
  2 bullfrog zombies
  A wyvern simulacrum (D:13)
  7 hounds
  A quasit (D:11)
  10 jellies
  2 bullfrog skeletons (D:11)
  6 centaur skeletons
  33 orc priests
  10 worker ants
  An iguana (shapeshifter) (Depths:3)
  3 iguanas
  39 orc wizards
  5 lightning spires (Zot:4)
  A worker ant (shapeshifter) (Vaults:5)
  A crocodile skeleton (Crypt:2)
  An ogre skeleton (Crypt:2)
  2 tengu skeletons
  2 hound zombies (D:10)
  2 hound skeletons
  11 gnolls
  A howler monkey skeleton (D:11)
  16 adders
  5 shadow imps
  A white imp (Lair:6)
  11 oozes
  5 adder skeletons
  2 adder zombies
  5 worms
  3 dart slugs
  4 leopard geckos
  115 orcs
  5 ball pythons
  17 bats
  A bat skeleton (Crypt:1)
  10 giant cockroaches
  13 goblins
  11 hobgoblins
  9 jackals
  31 kobolds
  2 quokkas
  A ball python zombie (Crypt:2)
  6 frilled lizards
  2 jackal skeletons (D:6)
  2 leopard gecko skeletons (D:4)
  A quokka skeleton (D:4)
  7 rats
  A bush (Lair:5)
  A butterfly (D:7)
  10 crawling corpses
  2 plants (D:7)
2609 creatures vanquished.

Vanquished Creatures (collateral kills)
  An ancient lich (Zot:3)
  A juggernaut (Depths:5)
  A Killer Klown (Zot:5)
  A profane servitor (Elf:2)
  An electric golem (Zot:3)
  An Orb Guardian (Zot:5)
  A deep elf master archer (Elf:3)
  2 sphinxes
  A shadow dragon (Zot:4)
  A draconian monk (Zot:4)
  A storm dragon (Zot:5)
  A fire giant (Depths:2)
  A frost giant (Vaults:5)
  A deep elf sorcerer (Elf:3)
  An iron dragon (Zot:3)
  A vault warden (Vaults:5)
  Aizul (Shoals:4)
  2 draconian shifters (Zot:4)
  Louise (Elf:2)
  A very ugly thing (Depths:4)
  An ironheart preserver (Vaults:5)
  A vampire knight (Crypt:3)
  2 deep elf demonologists (Elf:3)
  A white draconian (Zot:5)
  A red draconian (Zot:5)
  2 merfolk javelineers (Shoals:4)
  A yaktaur captain (Vaults:5)
  A vault guard (D:14)
  The ghost of RandomHacker the Magician, a journeyman GnWn of Ashenzari (D:10)
  A merfolk avatar (Shoals:4)
  A dancing weapon (Zot:4)
  A merfolk aquamancer (Shoals:3)
  A two-headed ogre (Depths:1)
  A death yak (Lair:5)
  2 sun demons (Depths:2)
  A deep elf knight (Elf:2)
  2 orc knights
  A wizard (D:14)
  3 harpies
  2 manticores (Shoals:4)
  A faun (Shoals:2)
  An orc sorcerer (Orc:2)
  2 slime creatures (Depths:2)
  A moth of wrath (D:10)
  An ice statue (IceCv)
  A water nymph (Shoals:2)
  A rime drake (Shoals:4)
  A yaktaur (Vaults:5)
  8 merfolk
  A polar bear (IceCv)
  A wind drake (Shoals:2)
  A snapping turtle (Shoals:4)
  2 yaks (IceCv)
  A human (D:14)
  A steam dragon (Shoals:4)
  2 nagas
  A soldier ant (D:10)
  3 orc warriors (Vaults:5)
  2 wolves (IceCv)
  An ogre (Depths:1)
  A centaur (D:15)
  2 killer bees (D:10)
  An electric eel (Elf:3)
  A lava snake (D:15)
  4 orc priests
  3 orcs
  2 crawling corpses (Elf:3)
  A fire vortex (D:15)
97 creatures vanquished.

Vanquished Creatures (others)
  A red draconian (Zot:5)
  A spark wasp (Zot:4)
  2 deep elf knights (Elf:2)
  A shadow wraith (Vaults:4)
  A skeletal warrior (Crypt:3)
  2 deep elf magi
  A merfolk siren (Shoals:2)
  3 ogres
  A spiny frog simulacrum (Hell)
  An orc priest (Vaults:5)
  An orc wizard (D:9)
  5 ball lightnings (Zot:4)
  A fungus (Lair:5)
  8 plants
29 creatures vanquished.

Grand Total: 2735 creatures vanquished

Notes
Turn   | Place    | Note
-------+----------+-------------------------------------------
     0 | D:1      | beigtais the Demonspawn Fighter began the quest for the
                  | Orb.
     0 | D:1      | Reached XP level 1. HP: 18/18 MP: 1/1
   100 | D:1      | Gained mutation: You are partially covered in sharp spines.
                  | [demonic ancestry]
   100 | D:1      | Reached XP level 2. HP: 12/24 MP: 2/2
   663 | D:1      | Gained mutation: You are immune to rotting. [demonic
                  | ancestry]
   663 | D:1      | Reached XP level 3. HP: 29/29 MP: 3/3
  1011 | D:1      | Reached skill level 3 in Shields
  1208 | D:2      | Reached skill level 1 in Dodging
  1208 | D:2      | Reached XP level 4. HP: 32/35 MP: 4/4
  1488 | D:2      | Found an iron altar of Okawaru.
  2045 | D:3      | Gained mutation: You have a pair of small horns on your
                  | head. [demonic ancestry]
  2045 | D:3      | Reached XP level 5. HP: 37/41 MP: 5/5
  2260 | D:3      | Found a sacrificial altar of Ru.
  2267 | D:3      | Reached skill level 1 in Throwing
  2342 | D:3      | Found a basalt altar of Yredelemnul.
  2406 | D:3      | Found a shimmering altar of Xom.
  2411 | D:3      | Found a shattered altar of Ashenzari.
  2411 | D:3      | Found a radiant altar of Vehumet.
  2416 | D:3      | Found a shadowy altar of Dithmenos.
  2482 | D:3      | Found a snail-covered altar of Cheibriados.
  2538 | D:3      | Found a faded altar of an unknown god.
  2825 | D:4      | Gained mutation: You are partially covered in thin metallic
                  | scales. (AC +2) [demonic ancestry]
  2825 | D:4      | Reached XP level 6. HP: 46/47 MP: 6/6
  3234 | D:4      | Noticed Dowan
  3239 | D:4      | Noticed Duvessa
  3248 | D:4      | Killed Dowan
  3905 | D:4      | Gained mutation: You are mostly covered in sharp spines.
                  | [demonic ancestry]
  3905 | D:4      | Reached XP level 7. HP: 53/53 MP: 7/7
  4003 | D:4      | Found a hazy altar of Hepliaklqana.
  4042 | D:5      | Entered Level 5 of the Dungeon
  4188 | D:5      | Reached skill level 5 in Axes
  4464 | D:5      | Reached skill level 4 in Shields
  5006 | D:6      | Noticed Eustachio
  5028 | D:6      | Killed Eustachio
  5028 | D:6      | Gained mutation: You are mostly covered in thin metallic
                  | scales. (AC +3) [demonic ancestry]
  5028 | D:6      | Reached XP level 8. HP: 59/60 MP: 8/8
  5151 | D:6      | Found a glowing drain.
  5274 | Sewer    | Entered a sewer
  6268 | D:6      | Noticed Sigmund
  6293 | D:6      | Killed Sigmund
  6874 | D:7      | Found a staircase to the Ecumenical Temple.
  6884 | Temple   | Entered the Ecumenical Temple
  6898 | Temple   | Became a worshipper of Makhleb the Destroyer
  6985 | D:7      | Reached skill level 5 in Shields
  7087 | D:7      | Reached XP level 9. HP: 61/66 MP: 9/9
  7175 | D:7      | Found a sparkling altar of Nemelex Xobeh.
  7224 | D:7      | Reached skill level 1 in Maces & Flails
  7299 | D:7      | Got a smoking cloak
  7300 | D:7      | Identified the +2 cloak "Joelao" {rPois Str+2} (You found
                  | it on level 7 of the Dungeon)
  7609 | D:7      | Found a white marble altar of Elyvilon.
  8257 | D:7      | Found a glowing silver altar of Zin.
  8261 | D:7      | Found a bloodstained altar of Trog.
  8310 | D:8      | Found a transporter.
  8313 | D:8      | Noticed P0WERM0DE's ghost (novice MiFi)
  8419 | D:8      | Found a transporter.
  8439 | D:8      | Noticed a cyclops
  8439 | D:8      | Noticed a green ugly thing
  8440 | D:8      | Noticed a skeletal warrior
  8446 | D:8      | Reached skill level 5 in Fighting
  8455 | D:8      | Found an opulent altar of Gozag.
  8581 | D:8      | Found an iron altar of Okawaru.
  8640 | D:8      | Found a runed translucent door.
  8643 | D:8      | Found a runed translucent door.
  8643 | D:8      | Found a runed translucent door.
  8668 | D:8      | Noticed a two-headed ogre
  8683 | D:8      | Killed a two-headed ogre
  8683 | D:8      | Reached skill level 5 in Armour
  8683 | D:8      | Reached XP level 10. HP: 28/74 MP: 10/10
  8941 | D:8      | Found Boir's Weapon Shoppe.
  8954 | D:8      | Bought a +2 war axe of electrocution for 310 gold pieces
  9029 | D:8      | Reached skill level 6 in Shields
  9035 | D:8      | Reached * piety under Makhleb
  9220 | D:8      | Killed a skeletal warrior
  9343 | D:8      | Reached skill level 1 in Stealth
  9419 | D:8      | Noticed a deep elf mage
  9432 | D:8      | Killed a deep elf mage
  9447 | D:8      | Got a blackened hand axe
  9459 | D:8      | Identified the cursed +1 hand axe "Sessa" {chop, rPois
                  | Dex+3} (You found it on level 8 of the Dungeon)
  9569 | D:8      | Killed a green ugly thing
  9830 | D:8      | Gained mutation: Your muscles are strong. (Str +2) [potion
                  | of mutation]
  9830 | D:8      | Gained mutation: Your muscles are very strong. (Str +4)
                  | [potion of mutation]
  9830 | D:8      | Gained mutation: Your flesh is cold resistant. (rC+)
                  | [potion of mutation]
  9830 | D:8      | Gained mutation: You are resistant to hostile enchantments.
                  | (MR+) [potion of mutation]
 10110 | D:9      | Reached skill level 5 in Dodging
 10280 | D:9      | Found a blossoming altar of Fedhas.
 10586 | D:10     | Entered Level 10 of the Dungeon
 10593 | D:10     | Reached ** piety under Makhleb
 10679 | D:10     | Reached skill level 5 in Throwing
 10679 | D:10     | Reached XP level 11. HP: 81/81 MP: 11/11
 10827 | D:10     | Found a transporter.
 10830 | D:10     | Noticed RandomHacker's ghost (journeyman GnWn)
 10931 | D:10     | Found a transporter.
 11022 | D:10     | Noticed Psyche
 11031 | D:10     | Killed Psyche
 11031 | D:10     | Reached *** piety under Makhleb
 11115 | D:10     | Reached skill level 7 in Shields
 11388 | D:10     | Found a staircase to the Orcish Mines.
 11400 | Orc:1    | Entered Level 1 of the Orcish Mines
 11601 | Orc:2    | Entered Level 2 of the Orcish Mines
 11612 | Orc:2    | Reached **** piety under Makhleb
 11674 | Orc:2    | Noticed an orc sorcerer
 11674 | Orc:2    | Noticed an orc sorcerer
 11845 | Orc:2    | Killed an orc sorcerer
 11845 | Orc:2    | Reached skill level 10 in Axes
 11845 | Orc:2    | Reached skill level 1 in Invocations
 11855 | Orc:2    | Killed an orc sorcerer
 12441 | Orc:2    | Noticed an orc warlord
 12884 | Orc:2    | Killed an orc warlord
 12884 | Orc:2    | Reached XP level 12. HP: 66/89 MP: 13/13
 13077 | Orc:2    | Found a staircase to the Elven Halls.
 13235 | Orc:1    | Noticed Snorg
 13247 | Orc:1    | Killed Snorg
 13546 | Orc:2    | Noticed an orc high priest
 13561 | Orc:2    | Killed an orc high priest
 13728 | Orc:2    | Found Tihoycw's Antique Armour Emporium.
 13728 | Orc:2    | Found Byrahy's Weapon Emporium.
 13732 | Orc:2    | Found Vodaxtora's Assorted Antiques.
 13732 | Orc:2    | Found Guga's Magic Scroll Shoppe.
 13737 | Orc:2    | Bought a potion of heal wounds for 90 gold pieces
 13738 | Orc:2    | Bought a warped shield for 285 gold pieces
 13738 | Orc:2    | Identified the +3 shield of the Worm {Regen+ Dex+5} (You
                  | bought it in a shop on level 2 of the Orcish Mines)
 13752 | Orc:2    | Bought 3 scrolls of enchant armour for 270 gold pieces
 13752 | Orc:2    | Bought a scroll of enchant armour for 90 gold pieces
 14129 | D:11     | Noticed a two-headed ogre
 14136 | D:11     | Killed a two-headed ogre
 14185 | D:11     | Noticed a two-headed ogre
 14191 | D:11     | Killed a two-headed ogre
 14209 | D:11     | Reached skill level 8 in Shields
 14220 | D:11     | Found a bloodstained altar of Trog.
 14296 | D:11     | Found a staircase to the Lair.
 14876 | D:12     | You fall into a shaft and drop 2 floors!
 14934 | D:13     | Reached skill level 5 in Maces & Flails
 14966 | D:13     | Found Penithos's Food Emporium.
 15115 | D:13     | Noticed a centaur warrior
 15135 | D:13     | Killed a centaur warrior
 15146 | D:13     | Reached ***** piety under Makhleb
 15230 | D:13     | Found Noifyk's Book Shoppe.
 15280 | D:13     | Reached XP level 13. HP: 96/96 MP: 16/16
 15404 | D:13     | Reached skill level 5 in Invocations
 15715 | D:12     | Noticed Rupert
 15878 | D:12     | Paralysed by Rupert for 6 turns
 15913 | D:12     | Killed Rupert
 16183 | D:12     | Identified a scroll of acquirement
 16184 | D:12     | Got a transparent large shield
 16185 | D:12     | Identified the +5 large shield of Marchoho {Str+6} (You
                  | acquired it on level 12 of the Dungeon)
 16982 | D:14     | Reached skill level 9 in Shields
 18145 | D:14     | Found a gate to the Vaults.
 18330 | D:15     | Entered Level 15 of the Dungeon
 18581 | D:15     | Gained mutation: You have a pair of horns on your head.
                  | [demonic ancestry]
 18581 | D:15     | Reached XP level 14. HP: 106/106 MP: 19/19
 18829 | D:15     | Found a staircase to the Depths.
 19046 | D:15     | Found a shimmering altar of Xom.
 19306 | Lair:1   | Entered Level 1 of the Lair of Beasts
 19500 | Lair:1   | Reached skill level 10 in Shields
 21084 | Lair:3   | Reached ****** piety under Makhleb
 21216 | Lair:3   | You fall into a shaft and drop 2 floors!
 21264 | Lair:5   | Found a runed translucent door.
 21454 | Lair:4   | Found a staircase to the Shoals.
 21589 | Lair:4   | Found a frozen archway.
 21636 | IceCv    | Entered an ice cave
 22078 | IceCv    | Noticed a frost giant
 22124 | IceCv    | Killed a frost giant
 22875 | Lair:5   | Gained mutation: You are completely covered in sharp
                  | spines. [demonic ancestry]
 22875 | Lair:5   | Reached XP level 15. HP: 92/115 MP: 21/21
 23042 | Lair:5   | Reached skill level 11 in Shields
 23128 | Lair:5   | Reached skill level 10 in Fighting
 23446 | Lair:5   | Found a viscous altar of Jiyva.
 23448 | Lair:5   | Found a staircase to the Slime Pits.
 23490 | Lair:6   | Entered Level 6 of the Lair of Beasts
 24524 | Lair:6   | Reached skill level 10 in Armour
 24526 | Lair:6   | Found a burning altar of Makhleb.
 24603 | Lair:6   | Reached skill level 10 in Invocations
 24637 | Lair:6   | Found a gateway to Hell.
 24819 | Shoals:1 | Entered Level 1 of the Shoals
 24920 | Shoals:1 | Reached skill level 1 in Evocations
 25532 | Shoals:1 | Reached skill level 12 in Shields
 25593 | Shoals:1 | Found a glowing silver altar of Zin.
 26166 | Shoals:2 | Reached XP level 16. HP: 71/124 MP: 23/23
 27930 | Shoals:4 | Entered Level 4 of the Shoals
 28167 | Shoals:4 | Found Gosmoruf's Magic Scroll Shop.
 28193 | Shoals:4 | Bought a scroll of blinking for 120 gold pieces
 28193 | Shoals:4 | Bought a scroll of blinking for 120 gold pieces
 28212 | Shoals:4 | Noticed Aizul
 28579 | Shoals:4 | Killed Aizul
 28626 | Shoals:4 | Noticed Mara
 28627 | Shoals:4 | Noticed beigtais's illusion
 28688 | Shoals:4 | Noticed beigtais's illusion
 28898 | Lair:3   | Found a staircase to the Snake Pit.
 29087 | Elf:1    | Entered Level 1 of the Elven Halls
 30603 | Elf:2    | Found Rysucw's Jewellery Emporium.
 30603 | Elf:2    | Found Esmynnek's Antique Weapon Emporium.
 30635 | Elf:2    | Bought the ring "Jaschec" {rN+ MR++} for 460 gold pieces
 30778 | Elf:2    | Found Xemofrepuc's Distillery.
 30784 | Elf:2    | Bought a potion of experience for 850 gold pieces
 30784 | Elf:2    | Bought a potion of curing for 51 gold pieces
 30784 | Elf:2    | Bought a potion of curing for 51 gold pieces
 30790 | Elf:2    | Gained mutation: You may emit foul miasma when damaged in
                  | melee. [demonic ancestry]
 30790 | Elf:2    | Reached XP level 17. HP: 131/131 MP: 25/25
 30805 | Elf:2    | Found Fopuskext's Weapon Emporium.
 30818 | Elf:2    | Found Fuewn's Armour Shoppe.
 30910 | Elf:2    | Reached skill level 13 in Shields
 31029 | Elf:2    | Gained mutation: You are completely covered in thin
                  | metallic scales. (AC +4, rElec) [demonic ancestry]
 31029 | Elf:2    | Reached XP level 18. HP: 136/138 MP: 26/26
 31032 | Elf:2    | Found a runed translucent gate.
 31032 | Elf:2    | Found a runed translucent gate.
 31033 | Elf:2    | Found a runed translucent gate.
 31137 | Elf:2    | Reached skill level 5 in Evocations
 31893 | Elf:2    | Noticed Louise
 31946 | Elf:2    | Killed Louise
 31969 | Elf:2    | Cast into level 3 of the Abyss (+2 quick blade of
                  | distortion)
 32137 | Abyss:3  | Noticed a profane servitor
 32145 | Elf:2    | Escaped the Abyss
 32178 | Elf:2    | Killed a profane servitor
 32364 | Elf:3    | Entered Level 3 of the Elven Halls
 32997 | Elf:3    | Noticed a Hell Sentinel
 33492 | Elf:3    | Identified the +5 war axe "Toequtoy" {chop, SInv}
 33592 | Elf:3    | Identified the cursed +2 morningstar of the Equinox {elec,
                  | Str-5 Int+9 Dex+8}
 33615 | Elf:3    | Identified the ring "Nilosin" {rElec MR+ Int-4 Stlth-}
 33709 | Elf:3    | Identified the +6 short sword of Ashenzari's Envy {drain,
                  | Str+4 Dex+3}
 33755 | Elf:3    | Identified the ring "Vankuat" {rF- rC++ MR- Str+2 Int+2
                  | Dex+4}
 33785 | Elf:3    | Identified the +3 leather armour "Caatais" {Stlth+}
 33877 | Elf:3    | Identified Sif Muna's Guide on Ghastly Execration
 33884 | Elf:3    | Identified Bottyol's Collected Works on Cloudy Poison
 33896 | Elf:3    | Got a coiled silver amulet
 33897 | Elf:3    | Identified the amulet "Letabi" {Inacc rElec Str+9 Int+2}
                  | (You found it on level 3 of the Elven Halls)
 33902 | Elf:3    | Identified the Guide on Aid and Air
 34387 | Snake:1  | Entered Level 1 of the Snake Pit
 34669 | Snake:1  | Found Gehahial's General Store.
 34689 | Snake:1  | Bought a potion of haste for 190 gold pieces
 34765 | Snake:1  | Reached XP level 19. HP: 145/145 MP: 26/28
 35280 | Lair:3   | Noticed Nergalle
 35284 | Lair:3   | Killed Nergalle
 36013 | Snake:2  | Lost mutation: Your muscles are very strong. (Str +4)
                  | [potion of mutation]
 36013 | Snake:2  | Lost mutation: Your flesh is cold resistant. (rC+) [potion
                  | of mutation]
 36013 | Snake:2  | Lost mutation: You are resistant to hostile enchantments.
                  | (MR+) [potion of mutation]
 36013 | Snake:2  | Gained mutation: You tend to lose your temper in combat.
                  | [potion of mutation]
 36013 | Snake:2  | Gained mutation: You have large cloven feet. [potion of
                  | mutation]
 37012 | Snake:3  | Reached skill level 10 in Maces & Flails
 37467 | Snake:4  | Entered Level 4 of the Snake Pit
 37533 | Snake:4  | Reached skill level 14 in Shields
 37966 | Snake:4  | Reached skill level 15 in Axes
 38046 | Snake:4  | Reached skill level 10 in Throwing
 38444 | Snake:4  | Found a shimmering altar of Xom.
 38551 | Snake:4  | Reached XP level 20. HP: 153/153 MP: 30/30
 38650 | Snake:4  | Got a serpentine rune of Zot
 39293 | Shoals:4 | Reached skill level 1 in Spellcasting
 39364 | Shoals:4 | Got a barnacled rune of Zot
 39774 | D:10     | Killed RandomHacker's ghost
 39790 | D:10     | Got a pair of faintly glowing gloves
 39791 | D:10     | Identified the +2 pair of gloves of Hozanteo {-Tele rPois
                  | rF++ MR+} (You found it on level 10 of the Dungeon)
 39928 | D:8      | Killed P0WERM0DE's ghost
 40173 | D:7      | Lost mutation: Your muscles are strong. (Str +2) [potion of
                  | mutation]
 40173 | D:7      | Lost mutation: You have large cloven feet. [potion of
                  | mutation]
 40173 | D:7      | Lost mutation: You tend to lose your temper in combat.
                  | [potion of mutation]
 40173 | D:7      | Gained mutation: Scrolls take you a little longer to read.
                  | [potion of mutation]
 40173 | D:7      | Gained mutation: You have large cloven feet. [potion of
                  | mutation]
 40822 | Depths:1 | Entered Level 1 of the Depths
 40863 | Depths:1 | Noticed a caustic shrike
 40927 | Depths:1 | Found a gateway to a ziggurat.
 41646 | Depths:1 | Found a shattered altar of Ashenzari.
 42546 | Depths:2 | Reached skill level 15 in Shields
 43012 | Depths:2 | Found a one-way gate to the infinite horrors of the Abyss.
 43175 | Depths:2 | Gained mutation: You are robust. (+10% HP) [demonic
                  | ancestry]
 43175 | Depths:2 | Reached XP level 21. HP: 135/177 MP: 18/31
 44077 | Depths:3 | Found a one-way gate leading to the halls of Pandemonium.
 44141 | Depths:3 | Paralysed by a floating eye for 4 turns
 44490 | Depths:3 | Identified the cursed +1 long sword "Hydraslayer" {protect,
                  | rF+ rN+}
 44490 | Depths:3 | Noticed a golden dragon
 44629 | Depths:2 | Killed a golden dragon
 45719 | Depths:4 | Noticed a caustic shrike
 45737 | Depths:4 | Killed a caustic shrike
 45789 | Depths:4 | Reached skill level 15 in Invocations
 45999 | Depths:4 | Noticed Jory
 46026 | Depths:4 | Killed Jory
 46100 | Depths:4 | Noticed a caustic shrike
 46112 | Depths:4 | Killed a caustic shrike
 46200 | Depths:4 | Gained mutation: You are very robust. (+20% HP) [demonic
                  | ancestry]
 46200 | Depths:4 | Reached XP level 22. HP: 179/204 MP: 31/33
 46817 | Depths:5 | Entered Level 5 of the Depths
 46836 | Depths:5 | Noticed a juggernaut
 46838 | Depths:5 | Reached skill level 16 in Shields
 47149 | Depths:5 | Noticed a juggernaut
 47172 | Depths:5 | Killed a juggernaut
 47345 | Depths:5 | Found a gate to the Realm of Zot.
 47751 | Depths:5 | Noticed Frederick
 47767 | Depths:5 | Killed Frederick
 47817 | Depths:5 | Killed a juggernaut
 48673 | Vaults:1 | Entered Level 1 of the Vaults
 49127 | Vaults:1 | Found Anwole's Antique Weapon Emporium.
 49193 | Vaults:1 | Reached XP level 23. HP: 214/214 MP: 29/35
 49767 | Vaults:1 | Reached skill level 15 in Maces & Flails
 50313 | Vaults:2 | Reached skill level 17 in Shields
 50403 | Vaults:2 | Reached skill level 15 in Fighting
 50666 | Vaults:2 | Found a staircase to the Crypt.
 50777 | Vaults:2 | Found a large runed translucent door.
 50778 | Vaults:2 | Noticed mantisjm's ghost (veteran HOFi)
 50779 | Vaults:2 | Found a large runed translucent door.
 51116 | Vaults:2 | Lost mutation: Scrolls take you a little longer to read.
                  | [potion of mutation]
 51116 | Vaults:2 | Lost mutation: You have large cloven feet. [potion of
                  | mutation]
 51116 | Vaults:2 | Gained mutation: You do not regenerate when monsters are
                  | visible. [potion of mutation]
 51116 | Vaults:2 | Gained mutation: You can translocate small distances at
                  | will. [potion of mutation]
 51116 | Vaults:2 | Gained mutation: You are covered in fur. (AC +1) [potion of
                  | mutation]
 51165 | Vaults:2 | Lost mutation: You do not regenerate when monsters are
                  | visible. [potion of mutation]
 51165 | Vaults:2 | Gained mutation: You are agile. (Dex +2) [potion of
                  | mutation]
 51165 | Vaults:2 | Gained mutation: Your magical capacity is low. (-10% MP)
                  | [potion of mutation]
 51165 | Vaults:2 | Gained mutation: You are somewhat resistant to further
                  | mutation. [potion of mutation]
 53167 | Vaults:4 | Gained mutation: You frequently emit foul miasma when
                  | damaged in melee. [demonic ancestry]
 53167 | Vaults:4 | Reached XP level 24. HP: 229/229 MP: 32/32
 53795 | Vaults:4 | Got a twitching copper ring
 53857 | Vaults:4 | Reached skill level 18 in Shields
 54485 | Vaults:4 | Identified the ring "Qusol" {rPois MR++ Str+3 Dex-4 Slay+4}
                  | (You found it on level 4 of the Vaults)
 54494 | Vaults:5 | Entered Level 5 of the Vaults
 54640 | Vaults:5 | Noticed an ancient lich
 54721 | Vaults:5 | Killed an ancient lich
 54728 | Vaults:5 | Noticed an ancient lich
 54796 | Vaults:5 | Identified the +8 shortbow of Cheese {flame, rElec rF+ rC+
                  | Stlth-}
 54822 | Vaults:5 | Killed an ancient lich
 54822 | Vaults:5 | Reached skill level 19 in Shields
 54823 | Vaults:5 | Gained mutation: You have a pair of large horns on your
                  | head. [demonic ancestry]
 54823 | Vaults:5 | Reached XP level 25. HP: 238/238 MP: 20/32
 54906 | Vaults:5 | Noticed Saint Roka
 54962 | Vaults:5 | Killed Saint Roka
 54965 | Vaults:5 | Reached skill level 15 in Armour
 55180 | Vaults:5 | Identified Sewaekk's Advanced Guide to the Arcane Arts
 55297 | Vaults:5 | Found Omazeamuu's Distillery.
 55372 | Vaults:5 | Bought a potion of haste for 240 gold pieces
 55780 | Vaults:5 | Identified the +6 scale mail of Zaem Texoph {-Cast rC+
                  | MP+9}
 55780 | Vaults:5 | Identified the amulet "Sokkon" {+Rage Dex+2}
 55805 | Vaults:5 | Noticed an ancient lich
 55816 | Vaults:5 | Killed an ancient lich
 55901 | Vaults:5 | Identified the Papyrus of Mutagenic Boosts
 56071 | Vaults:5 | Found Beytuyku's Weapon Boutique.
 56151 | Vaults:5 | Got a silver rune of Zot
 56491 | Crypt:1  | Entered Level 1 of the Crypt
 57416 | Crypt:2  | Reached skill level 20 in Shields
 57914 | Crypt:2  | Found the macabre finger necklace {rN+}
 58044 | Crypt:2  | Gained mutation: You are extremely robust. (+30% HP)
                  | [demonic ancestry]
 58044 | Crypt:2  | Reached XP level 26. HP: 243/273 MP: 32/32
 58704 | Crypt:3  | Entered Level 3 of the Crypt
 58910 | Crypt:3  | Noticed Sojobo
 58956 | Crypt:3  | Killed Sojobo
 59037 | Crypt:3  | Noticed Mennas
 59051 | Crypt:3  | Killed Mennas
 59432 | Crypt:3  | Found a staircase to the Tomb.
 59526 | Crypt:3  | Noticed an ancient lich
 59527 | Crypt:3  | Noticed Boris
 59543 | Crypt:3  | Killed Boris
 59544 | Crypt:3  | Killed an ancient lich
 59544 | Crypt:3  | Reached skill level 10 in Evocations
 59665 | Crypt:3  | Found an ancient bone altar of Kikubaaqudgha.
 60570 | Orc:2    | Bought a potion of haste for 180 gold pieces
 60729 | Elf:2    | Bought a potion of curing for 51 gold pieces
 61176 | Vaults:5 | Bought a potion of curing for 72 gold pieces
 61176 | Vaults:5 | Bought a potion of curing for 72 gold pieces
 61719 | Shoals:4 | Bought a scroll of magic mapping for 56 gold pieces
 61719 | Shoals:4 | Bought a scroll of magic mapping for 56 gold pieces
 61940 | Hell     | Entered the Vestibule of Hell
 61942 | Hell     | Noticed Geryon
 62002 | Hell     | Noticed an ancient lich
 62010 | Hell     | Killed Geryon
 62013 | Hell     | Noticed Murray
 62035 | Hell     | Killed an ancient lich
 62087 | Hell     | Found a gateway to the decaying netherworld of Tartarus.
 62258 | Hell     | Found a gateway to the Iron City of Dis.
 62475 | Lair:6   | Killed Murray
 62661 | Hell     | Found a gateway to the freezing wastes of Cocytus.
 62768 | Hell     | Found a gateway to the ashen valley of Gehenna.
 62996 | Slime:1  | Entered Level 1 of the Pits of Slime
 63306 | Zot:1    | Entered Level 1 of the Realm of Zot
 63411 | Zot:1    | You fall into a shaft and drop 1 floor!
 63978 | Zot:1    | Noticed an orb of fire
 63994 | Zot:1    | Killed an orb of fire
 63994 | Zot:1    | Reached skill level 21 in Shields
 64736 | Zot:2    | Reached XP level 27. HP: 284/284 MP: 31/33
 65465 | Zot:3    | You fall into a shaft and drop 1 floor!
 65551 | Zot:3    | Found a stormy altar of Qazlal.
 65551 | Zot:3    | Noticed an ancient lich
 65566 | Zot:3    | Killed an ancient lich
 67367 | Zot:4    | Reached skill level 22 in Shields
 67864 | Zot:5    | Entered Level 5 of the Realm of Zot
 68219 | Zot:5    | Got a transparent glass ring
 68225 | Zot:5    | Identified the ring of Norarus {+Fly rElec rF- Int+5 Dex+5}
                  | (You found it on level 5 of the Realm of Zot)
 68507 | Zot:5    | Noticed an orb of fire
 68509 | Zot:5    | Noticed an orb of fire
 68512 | Zot:5    | Noticed an orb of fire
 68512 | Zot:5    | Noticed an orb of fire
 68513 | Zot:5    | Noticed an orb of fire
 68513 | Zot:5    | Noticed an orb of fire
 68513 | Zot:5    | Noticed an orb of fire
 68514 | Zot:5    | Noticed an orb of fire
 68516 | Zot:5    | Noticed an orb of fire
 68518 | Zot:5    | Gained mutation: You are occasionally teleported next to
                  | monsters. [an orb of fire]
 68535 | Zot:5    | Gained mutation: You are somewhat resistant to both further
                  | mutation and mutation removal. [an orb of fire]
 68889 | Zot:5    | Killed an orb of fire
 68935 | Zot:5    | Gained mutation: Your body sometimes deteriorates upon
                  | taking damage. [an orb of fire]
 68938 | Zot:5    | Gained mutation: You tend to lose your temper in combat.
                  | [an orb of fire]
 68939 | Zot:5    | Killed an orb of fire
 68960 | Zot:5    | Killed an orb of fire
 69201 | Zot:5    | Killed an orb of fire
 69217 | Zot:5    | Killed an orb of fire
 69285 | Zot:5    | Noticed an ancient lich
 69326 | Zot:4    | Killed an orb of fire
 69386 | Zot:5    | Killed an ancient lich
 69485 | Zot:5    | Gained mutation: You often lose your temper in combat. [an
                  | orb of fire]
 69491 | Zot:5    | Killed an orb of fire
 69522 | Zot:5    | Killed an orb of fire
 69593 | Zot:5    | Noticed an ancient lich
 69605 | Zot:5    | Killed an ancient lich
 69653 | Zot:5    | Gained mutation: Your magical capacity is very low. (-20%
                  | MP) [an orb of fire]
 69671 | Zot:5    | Killed an orb of fire
 70571 | Zot:5    | Got the Orb of Zot
 70936 | Depths:3 | Noticed Cuqucoic the pandemonium lord
 71211 | D:10     | Reached skill level 23 in Shields
 71289 | D:7      | Noticed Raptith the pandemonium lord
 71424 | D:$      | Escaped with the Orb!

Levels and vault maps discovered:
D:1:      lightli_arrival_lavapool, layout_basic, minmay_pentomino_q4
D:2:      layout_basic, okawaru_altar_gauntlet_db
D:3:      layout_basic, kennysheep_slug_shrine, nicolae_overflow_crystal_walls,
          nicolae_ru_great_annihilating_truth, grunt_temple_overflow_open,
          chequers_ecumenical_altar_island, minmay_door_square
D:4:      layout_gridville, kennysheep_mini, first_ration, uniq_duvessa
D:5:      layout_basic
D:6:      layout_loops_ring, cheibrodos_sewer_entry_sluice, uniq_sigmund,
          uniq_eustachio
D:7:      cheibrodos_two_vegetables, layout_basic,
          nicolae_overflow_hidden_temple, lemuel_round_altar,
          minmay_temple_entry_butterflies, small_statue_intersection
D:8:      minmay_the_grid_triangle_9x9_recursive_2
          [minmay_the_grid_triangle_9x9_prize_top_heavy,
          minmay_the_grid_triangle_9x9_negative_grid,
          minmay_the_grid_triangle_9x9_corrupted_corridor,
          minmay_the_grid_triangle_9x9_fully_insulated_deathbox], layout_basic,
          old_standard_altar, gammafunk_ghost_arena, serial_shops,
          kennysheep_mini_moat, nicolae_gozag_seed_capital
D:9:      layout_loops_ring, lemuel_coloured_pillars_altar
D:10:     layout_basic, david_orc_4, gammafunk_ghost_berserking_beasts,
          david_nohive_1, kennysheep_flooded_box, uniq_psyche
D:11:     layout_gridville, lair_entry_dummy, basic_altar, minmay_between
D:12:     layout_loops_ring, uniq_rupert
D:13:     layout_loops_ring, serial_shops, shop, shop
D:14:     layout_basic, grunt_vaults_entry_fortified, hangedman_decor_points,
          nrook_campfire
D:15:     grunt_enter_depths_magical_seal, layout_rooms, basic_altar,
          corner_web_ring, kennysheep_two_boxes
Temple:   corrupted_temple
Lair:1:   layout_cave_pods, minmay_lair_oklob_chamber
Lair:2:   layout_loops_ring, eino_small_chamber_without_monster,
          grunt_megastairs_2
Lair:3:   layout_regular_city, dummy_snake_entry, uniq_nergalle
Lair:4:   layout_roguey, minmay_shoals_entry_lonely_mermaid,
          portal_ice_cave_demonic_guard, infiniplex_staircase_pool_2
Lair:5:   layout_gridlike, slime_altar_2, small_statue_intersection
Lair:6:   evil_forest, layout_gridlike, bobbens_ice_dragon_lair,
          infiniplex_staircase_pool
Shoals:1: layout_shoals, lemuel_centaur_altar
Shoals:2: cheibrodos_shoals_satyrical_garden, layout_shoals,
          nicolae_shoals_cliffside_cave
Shoals:3: layout_shoals, nicolae_shoals_water_shrine
Shoals:4: shoals_end_simple, layout_shoals, serial_shops, shop,
          nicolae_shoals_drake_roost, uniq_bai_suzhen, uniq_mara, uniq_aizul
Snake:1:  layout_misc_corridors, serial_shops, shop, serial_bayou_shore_a
Snake:2:  layout_grid_maze
Snake:3:  layout_grid_shapes
Snake:4:  johnstein_snake_rune_scales, layout_onion_interference, basic_altar
Slime:1:  cheibrodos_slime_lost_civilization_9, layout_caves, basic_altar
Orc:1:    layout_diamond_mine, uniq_snorg
Orc:2:    st_orc_mages, layout_diamond_mine
Elf:1:    elf_arrival_002, layout_loops_corners, kennysheep_underground_church
Elf:2:    layout_geoelf_grid, serial_shops, shop,
          nicolae_shop_competitors_out_of_business, shop,
          nicolae_shop_behind_doors, shop, uniq_louise
Elf:3:    elf_hall, layout_geoelf_castle
Vaults:1: vaults_room_large_hall, kb_rosetta, nicolae_vaults_little_squares_4,
          vaults_room_door_hall, v_misc_14, v_misc_29,
          nicolae_vaults_border_crossing, nicolae_vaults_little_ls,
          nicolae_vaults_yaktaur_gun_rack, dpeg_vaults_monster_box,
          layout_vaults_omnigrid, serial_shops, shop
Vaults:2: advil_vaults_ghost_guards, vaults_room_grid,
          nicolae_vaults_network_quinsquares
          [nicolae_vaults_network_quincunx_subvault,
          nicolae_vaults_network_quincunx_subvault,
          nicolae_vaults_network_quincunx_subvault,
          nicolae_vaults_network_quincunx_subvault], ontoclasm_vaults_gallery,
          v_misc_29, minmay_crypt_entry_skeletal_spiral,
          vaults_room_grunt_arrival_checkpoint, ontoclasm_vaults_hangar,
          vaults_room_door_ring, nicolae_vaults_three_branches,
          vaults_room_fours, nicolae_vaults_mini_display_case,
          layout_vaults_big_room
Vaults:3: st_lines, hangedman_vaults_unwind,
          hangedman_vaults_stretched_pinwheel, v_rooms_4,
          hangedman_vaults_stitches, nicolae_vaults_theta,
          vaults_room_fancy_cross, nicolae_vaults_network_barrier,
          ontoclasm_vaults_ligature, hangedman_vaults_hat,
          vaults_room_fancy_cross, vaults_room_semicircle,
          ontoclasm_vaults_spin, layout_vaults_big_cross
Vaults:4: grunt_vaults_diagonal, hangedman_vaults_variations,
          special_room_vaults [special_room_orc], v_misc_25, v_pattern_1,
          vaults_dpeg_encased_lava, nicolae_vaults_little_squares_3,
          nicolae_vaults_arrows, vaults_room_pool, vaults_dpeg_diagonal,
          ontoclasm_vaults_gateway, layout_vaults_maze_snakey,
          lightli_enter_wizlab_magi_temple, serial_shops, bzr_firewalk
Vaults:5: serial_shops, uniq_saint_roka
Crypt:1:  layout_gridlike, grunt_crypt_arrival_webbed
Crypt:2:  hangedman_hall_of_fallen_heroes, layout_chaotic_city
Crypt:3:  cryptofortress_bobbens, uniq_mennas, uniq_sojobo, uniq_boris
Depths:1: minmay_octagon_keep, layout_basic, enter_ziggurat_e,
          ashenzari_altar_1, hell_entry, drop_trap, nicolae_water_bricks,
          kennysheep_small_spiral, interstate_on_off, nrook_uturn, minivault_12
Depths:2: minmay_isolated_rectangles_in_corner, layout_cave_pools, abyss_entry,
          lightli_too_deep, minmay_misc_feat_nine_boxes
Depths:3: grunt_crosshair, layout_cave_shapes, pan_entry, hell_entry
Depths:4: hangedman_cross_cluster, layout_twisted_cross, abyss_entry,
          hell_entry, kennysheep_generic_room_2, uniq_jory
Depths:5: grunt_zot_entry_bicorn, layout_basic, minmay_splitting_lines,
          hell_entry, chequers_jeans, uniq_frederick
Hell
Zot:1:    layout_gridlike
Zot:2:    layout_onion
Zot:3:    regret_index_qazlal_generations, layout_misc_corridors
Zot:4:    infiniplex_zot_generator, layout_onion_interference,
          skrybe_zot_glass_2
Zot:5:    layout_basic, lemuel_baited_zot_trap

Skill      XL: |  1  2  3  4  5  6  7  8  9 10 11 12 13 14 15 16 17 18 19 20 21 22 23 24 25 26 27 |
---------------+----------------------------------------------------------------------------------+-----
Axes           | 2 3 4 5 6 8 9 10 11 12 13 14 15 16 | 16.0
Armour         | 3 4 5 6 7 8 9 10 11 12 13 14 15 16 18 | 18.0
Shields        | 3 4 5 6 7 8 9 10 12 13 14 15 16 17 19 20 21 23 | 23.0
Dodging        | 1 2 3 4 5 6 7 8 |  8.7
Throwing       | 1 2 3 4 5 6 7 8 9 10 11 | 11.5
Fighting       | 4 5 6 7 8 9 10 11 12 13 14 15 16 17 18 20 | 20.6
Maces & Flails | 2 3 4 5 7 8 9 10 12 13 14 15 16 17 18 | 18.6
Stealth        | 1 |  1.4
Invocations    | 2 4 7 9 10 11 13 14 15 16 17 18 19 20 21 | 21.4
Evocations     | 2 4 6 7 8 9 10 12 | 12.3
Spellcasting   | 2 |  2.0

Action                   |  1- 3 |  4- 6 |  7- 9 | 10-12 | 13-15 | 16-18 | 19-21 | 22-24 | 25-27 || total
-------------------------+-------+-------+-------+-------+-------+-------+-------+-------+-------++-------
Melee: War axe           |   103 |   159 |   335 |   584 |   729 |   640 |   143 |   100 |       ||  2793
       Headbutt          |       |    16 |    76 |   140 |   454 |   222 |   724 |   755 |   953 ||  3340
       Flail             |       |       |       |       |     6 |       |       |       |       ||     6
       Whip              |       |       |       |       |   580 |       |       |       |       ||   580
       Eveningstar       |       |       |       |       |       |   115 |  1958 |  1973 |  2404 ||  6450
Throw: Stone             |     5 |     3 |     5 |       |       |       |       |       |       ||    13
       Dart              |       |     4 |    43 |    17 |     7 |     3 |       |       |       ||    74
       Boomerang         |       |       |       |   152 |   148 |   112 |    66 |    38 |   133 ||   649
       Javelin           |       |       |       |       |       |    14 |    67 |       |       ||    81
Invok: Lesser Servant of |       |       |       |     6 |    22 |    52 |     9 |       |       ||    89
       Major Destruction |       |       |       |       |     2 |    13 |     8 |    12 |    14 ||    49
       Greater Servant o |       |       |       |       |       |     1 |     9 |     3 |    21 ||    34
       Minor Destruction |       |       |       |       |       |     1 |       |       |       ||     1
 Abil: Evoke Flight      |       |       |     3 |       |       |       |       |       |       ||     3
       Blink             |       |       |       |       |       |       |       |       |     1 ||     1
Evoke: Wand              |       |       |     3 |     3 |     6 |     8 |     1 |     5 |    12 ||    38
  Use: Scroll            |     7 |     9 |     9 |     6 |    12 |    22 |    14 |    14 |    20 ||   113
       Potion            |     4 |     3 |     4 |     5 |     5 |    16 |     7 |     6 |    19 ||    69
 Stab: Paralysed         |       |     2 |       |       |       |       |       |       |       ||     2
       Distracted        |       |       |       |       |     8 |     8 |     7 |     6 |    10 ||    39
       Confused          |       |       |       |       |       |       |       |       |     1 ||     1
  Eat: Chunk             |     1 |     6 |    10 |    17 |    31 |    18 |    19 |    25 |    13 ||   140
       Ration            |       |     1 |     2 |     1 |     2 |     3 |     6 |     2 |    12 ||    29
Armor: Scale mail        |    39 |       |       |       |       |       |       |       |       ||    39
       Plate armour      |    22 |    88 |   158 |   230 |   446 |   352 |  1232 |       |       ||  2528
       Crystal plate arm |       |       |       |       |       |       |    26 |   912 |  1372 ||  2310
Dodge: Dodged            |    24 |    18 |    46 |   130 |   325 |   226 |   775 |   472 |   663 ||  2679
Block: Shield            |    55 |    88 |   218 |   344 |   933 |   606 |  2094 |  1658 |  2037 ||  8033
